 Dungeon Crawl Stone Soup version 0.21-a0-630-g344d351 (webtiles) character file.

292 zero the Covert (level 6, 0/28 HPs)
             Began as a Spriggan Enchanter on Dec 25, 2017.
             Succumbed to Squigly's ghost's sting
             ... on level 4 of the Dungeon.
             The game lasted 00:05:23 (4295 turns).

zero the Covert (Spriggan Enchanter)                Turns: 4295, Time: 00:05:24

Health: 0/28       AC:  3    Str:  4    XL:     6   Next: 10%
Magic:  9/11       EV: 18    Int: 24    God:
Gold:   168        SH:  0    Dex: 16    Spells: 7/10 levels left

rFire    + . .     SeeInvis +   a - +2 dagger
rCold    + . .     Gourm    .   (shield restricted)
rNeg     . . .     Faith    .   b - +1 robe
rPois    +         Spirit   .   (helmet restricted)
rElec    +         Reflect  .   (no cloak)
rCorr    +         Harm     .   (gloves unavailable)
MR       +....                  (boots unavailable)
Stlth    ++++......             l - amulet of rage (curse)
HPRegen  0.09/turn              p - ring of flight
MPRegen  0.12/turn              (no ring)

@: brilliant, lethally poisoned (0 -> -5), resistant, very quick
A: very small, unfitting armour, see invisible, herbivore, speed 3, slow
metabolism 2
a: Evoke Berserk Rage, Evoke Flight


You were on level 4 of the Dungeon.
You were not hungry.

You visited 1 branch of the dungeon, and saw 4 of its levels.

You collected 168 gold pieces.

Inventory:

Hand Weapons
 a - a +2 dagger (weapon)
Armour
 b - a +1 robe (worn)
Jewellery
 l - a cursed amulet of rage (around neck)
 p - a ring of flight (left hand)
Wands
 n - a wand of paralysis (10)
Scrolls
 h - a scroll of amnesia
 j - a scroll of enchant weapon
Books
 c - a book of Maledictions

   Spells                             Type                      Level
   a - Corona                         Hexes                        1
   b - Ensorcelled Hibernation        Hexes/Ice                    2
   c - Confuse                        Hexes                        3
   d - Tukima's Dance                 Hexes                        3
   e - Dazzling Spray                 Conjuration/Hexes            3
 q - a book of Frost

   Spells                             Type                      Level
   a - Freeze                         Ice                          1
   b - Throw Frost                    Conjuration/Ice              2
   c - Ozocubu's Armour               Charms/Ice                   3
   d - Throw Icicle                   Conjuration/Ice              4
   e - Summon Ice Beast               Ice/Summoning                4


   Skills:
 + Level 4.8 Short Blades
 - Level 3.0 Dodging
 + Level 8.2 Stealth
 - Level 2.6 Spellcasting
 - Level 3.6 Hexes


You had 7 spell levels left.
You knew the following spells:

 Your Spells              Type           Power        Failure   Level  Hunger
a - Corona                Hex            #####..      1%          1    None
b - Ensorcelled Hibernat  Hex/Ice        ####..       1%          2    ##.....


Dungeon Overview and Level Annotations

Branches:
Dungeon (4/15)
 Temple: D:4-7

Altars:
Makhleb

Annotations:
D:3 Charly's ghost, weakling GrFi
D:4 Squigly's ghost, amateur DsVM


Innate Abilities, Weirdness & Mutations

You are very small and have problems with some larger weapons.
You are too small for most types of armour.
You have supernaturally acute eyesight. (SInv)
You are a herbivore.
You cover ground extremely quickly.
You need consume almost no food.


Message History

The sting hits you!
You are poisoned.
* * * LOW HITPOINT WARNING * * *
* * * LOW HITPOINT WARNING * * *
You feel sick. Squigly's ghost casts a spell at you. The sting hits you!
You are lethally poisoned!
* * * LOW HITPOINT WARNING * * *
You feel protected.
* * * LOW HITPOINT WARNING * * *
You feel sick.
Okay, then.
Okay, then.
As you read the scroll of fear, it crumbles to dust.
You assume a fearsome visage.
Squigly's ghost is unaffected.
Squigly's ghost casts a spell at you.
The ball explodes into a vile cloud!
The stinking cloud engulfs you!
You feel clever all of a sudden.
You die...

..# #.............#.# #... #.#
#..........####.# #... #.#
###.#.######.####.# #... #'######
#...#.## #...##.# #[..
.......###.#....#######.##.# #...
.......##...#.#....####....###...
.......#.....#....).##.......#...
...............§§§...#.......#...
#'####..#.......@..#.........#...
#.###..##§.§....§..##......######
#.##....§......§§..........#
#.##.....§§§≈≈§≈≈.W........#
#.##......≈≈####§≈.........#
#.........≈## ##§§....#...#
#####.....≈# #§.§..#....# #
#.#....≈# #≈.....##### #
##.....≈# ##≈......##


You could see Squigly's ghost.

Vanquished Creatures
  Edmund (D:4)
  A hound (D:3)
  An orc wizard (D:4)
  Robin (D:2)
  3 adders
  An adder skeleton (D:4)
  2 worms
  3 dart slugs
  3 leopard geckos
  7 orcs
  5 bats
  4 giant cockroaches
  16 goblins
  6 hobgoblins
  2 kobolds
  3 frilled lizards
  4 rats
63 creatures vanquished.

Notes
Turn   | Place    | Note
-------+----------+-------------------------------------------
     0 | D:1      | zero the Spriggan Enchanter began the quest for the Orb.
     0 | D:1      | Reached XP level 1. HP: 9/9 MP: 5/5
   436 | D:1      | Reached skill level 5 in Stealth
   436 | D:1      | Reached XP level 2. HP: 13/13 MP: 4/6
   440 | D:1      | Learned a level 2 spell: Ensorcelled Hibernation
  1402 | D:2      | Reached XP level 3. HP: 16/16 MP: 8/8
  1704 | D:3      | Found a burning altar of Makhleb.
  1711 | D:3      | Reached skill level 6 in Stealth
  1711 | D:3      | Reached XP level 4. HP: 21/21 MP: 2/9
  1950 | D:2      | Noticed Robin
  2287 | D:2      | Killed Robin
  3209 | D:3      | Noticed Charly's ghost (weakling GrFi)
  3389 | D:4      | Noticed Squigly's ghost (amateur DsVM)
  3437 | D:4      | Reached skill level 7 in Stealth
  3514 | D:4      | Reached XP level 5. HP: 14/24 MP: 7/10
  3525 | D:4      | Got an encrusted cloak
  3531 | D:4      | Identified the -4 cloak "Cetim" {Str+5} (You found it on level 4 of the Dungeon)
  3830 | D:4      | Noticed Edmund
  3840 | D:4      | Killed Edmund
  3840 | D:4      | Reached skill level 8 in Stealth
  4209 | D:4      | Reached XP level 6. HP: 25/28 MP: 3/11
  4293 | D:4      | HP: 1/28 [poisoned by Squigly's ghost (sting)]
  4295 | D:4      | Succumbed to Squigly's ghost's sting

Vault maps used:
D:1:      onia_arrival_mini_maze_b
D:2:      uniq_robin
D:3:      makhleb_heckhound_becter
D:4:      kennysheep_goblin_castle, serial_shops, nicolae_shop_crystal,
          first_ration, kennysheep_decorative_pillar, lightli_corner_chamber,
          uniq_edmund

Skill      XL: |  1  2  3  4  5 |
---------------+----------------+-----
Stealth        | 5 6 7 8 |  8.2
Short Blades   | 2 3 4 |  4.8
Dodging        | |  3.0
Spellcasting   | |  2.6
Hexes          | |  3.6

Action                   |  1- 3 |  4- 6 || total
-------------------------+-------+-------++-------
Melee: Dagger            |   134 |   166 ||   300
 Cast: Corona            |     8 |    11 ||    19
       Ensorcelled Hiber |     4 |    17 ||    21
  Use: Scroll            |       |    11 ||    11
       Potion            |       |     3 ||     3
 Stab: Sleeping          |     9 |    14 ||    23
       Distracted        |       |     1 ||     1
  Eat: Ration            |       |     2 ||     2
Armor: Robe              |    21 |    12 ||    33
Dodge: Dodged            |   109 |   119 ||   228

Table legend:
 A = Spawn XP
 B = Non-spawn XP
 C = Spawn XP percentage of total XP
 D = Spawn monster count
 E = Non-spawn monster count
 F = Spawn count percentage of total count
 G = Total turns spent on level
                    A         B        C        D         E        F      G
               +---------+---------+-------+---------+---------+-------+---------
         Total |       0 |     418 |   0.0 |       0 |      63 |   0.0 |  4295
               +---------+---------+-------+---------+---------+-------+---------
           D:1 |       0 |      27 |   0.0 |       0 |      14 |   0.0 |  1273
           D:2 |       0 |      67 |   0.0 |       0 |      26 |   0.0 |  1395
           D:3 |       0 |      89 |   0.0 |       0 |      12 |   0.0 |   593
           D:4 |       0 |     235 |   0.0 |       0 |      11 |   0.0 |  1034
               +---------+---------+-------+---------+---------+-------+---------
